 Dungeon Crawl Stone Soup version 0.20-a0-1116-gaa52201 (webtiles) character file.

326 MenacingMecha the Poker (level 6, -3/44 HPs)
             Began as a Human Skald on May 7, 2017.
             Slain by Blork the orc
             ... wielding a +0 scimitar
              (4 damage)
             ... on level 5 of the Dungeon.
             The game lasted 00:10:29 (4959 turns).

MenacingMecha the Poker (Human Skald)               Turns: 4959, Time: 00:10:30

Health: -3/44      AC:  5    Str: 12 (15) XL:     6   Next: 79%
Magic:  0/9        EV: 12    Int: 12 (14) God:
Gold:   210        SH:  0    Dex: 11 (13) Spells: 1/9 levels left

rFire    . . .     SeeInvis .   a - +0 spear
rCold    . . .     Gourm    .   (no shield)
rNeg     . . .     Faith    .   b - +0 leather armour
rPois    +         Spirit   .   (no helmet)
rElec    .         Reflect  .   (no cloak)
rCorr    .         Harm     .   (no gloves)
MR       .....                  (no boots)
Stlth    +.........             (no amulet)
Regen    0.2/turn               v - ring "Uqay" {AC+2 Str+3}
MPRegen  0.2/turn               x - ring of poison resistance {rPois}

@: infused
A: no striking features
a: no special abilities


You were on level 5 of the Dungeon.
You were not hungry.

You visited 1 branch of the dungeon, and saw 5 of its levels.

You collected 210 gold pieces.

Inventory:

Hand Weapons
 a - a +0 spear (weapon)
 p - a +2 short sword of speed
   (You found it on level 3 of the Dungeon)
Missiles
 g - a throwing net
Armour
 b - a +0 leather armour (worn)
 i - a +0 pair of boots
   (You found it on level 1 of the Dungeon)
 n - a +0 pair of gloves
   (You found it on level 3 of the Dungeon)
Magical Staves
 u - an uncursed staff of power {unknown}
   (You found it on level 4 of the Dungeon)
Jewellery
 v - the ring "Uqay" (left hand) {AC+2 Str+3}
   (You found it on level 4 of the Dungeon)

   [ring of protection]

   It affects your AC (+2).
   It affects your strength (+3).
 x - a ring of poison resistance (right hand) {rPois}
   (You found it on level 4 of the Dungeon)
 z - an uncursed ring of ice {rC+, rF-}
   (You found it on level 4 of the Dungeon)
Scrolls
 e - a scroll of remove curse
 f - a scroll of immolation {unknown}
 h - 2 scrolls of recharging {unknown}
 k - a scroll of fog
 m - a scroll of magic mapping
 o - a scroll of teleportation {unknown}
 q - a scroll of blinking {unknown}
 y - a scroll of identify {unknown}
Potions
 l - a potion of agility {unknown}
 r - a potion of curing {unknown}
Books
 c - a book of Battle
Comestibles
 d - 4 bread rations
 j - a fruit
 s - a meat ration
 t - a royal jelly
 A - 2 chunks of flesh


   Skills:
 - Level 2.0 Fighting
 + Level 6.7 Polearms
 - Level 1.0 Armour
 - Level 2.0 Dodging
 - Level 2.0 Spellcasting
 - Level 3.0 Charms


You had one spell level left.
You knew the following spells:

 Your Spells              Type           Power        Failure   Level  Hunger
a - Infusion              Chrm           #...         10%         1    ##.....
s - Shroud of Golubria    Chrm/Tloc      #.........   28%         2    ###....
z - Spectral Weapon       Hex/Chrm       #.......     50%         3    ####...
S - Song of Slaying       Chrm           #.......     16%         2    ###....


Dungeon Overview and Level Annotations

Branches:
Dungeon (5/15)             Temple (0/1) D:5

Altars:
Ashenzari
Dithmenos
Yredelemnul

Annotations:
D:4 darksquall's ghost, amateur OgWz
D:5 Blork the orc


Message History

The adder closely misses you.
You hit the adder.
The adder is severely wounded.
The adder completely misses you.
You hit the adder.
The adder is almost dead.
The adder bites you but does no damage.
You hit the adder!
You kill the adder!
The adder zombie bites you but does no damage.
You barely miss the adder zombie. The adder zombie closely misses you.
You hit the adder zombie.
The adder zombie is moderately damaged.
The adder zombie barely misses you.
You hit the adder zombie.
The adder zombie is heavily damaged.
You barely miss the adder zombie.
The adder zombie is heavily damaged.
The adder zombie bites you but does no damage.
You barely miss the adder zombie.
The adder zombie is heavily damaged.
The adder zombie barely misses you.
You hit the adder zombie.
The adder zombie is severely damaged.
The adder zombie bites you but does no damage.
You hit the adder zombie!
You destroy the adder zombie!
You see here an adder corpse.
You butcher the adder corpse.
Your magical infusion is running out.
A - 2 chunks of flesh You see here an adder skeleton.
You start resting.
You are no longer magically infusing your attacks.
You start resting.
You hear the slow hiss of a distant avalanche of sand.
As you read the scroll labeled GITAXK DIUGIT, it crumbles to dust.
The scroll dissolves into smoke.
It was a scroll of fog.
As you read the scroll labeled HUCLUT TAI, it crumbles to dust.
You feel aware of your surroundings.
You sensed 1 shop/portal.
It was a scroll of magic mapping.
An orc comes into view. It is wielding a whip.
The orc shouts!
Marking area around Blork the orc as unsafe for travelling.
Blork the orc comes into view.
He is wielding a scimitar.
You puncture the orc!
You kill the orc!
Blork the orc points at you and mumbles some strange words.
The puff of frost hits you!
Things that are here:
a whip; an orc corpse Blork the orc points at you and mumbles some strange words.
The puff of frost hits you!
Casting: Infusion
Confirm with . or Enter, or press ? or * to list all spells.
You begin infusing your attacks with magical energy.
A quokka comes into view.
Blork the orc casts a spell.
Blork the orc seems to speed up.
You completely miss Blork the orc. Blork the orc closely misses you.
You hit Blork the orc.
Blork the orc is lightly wounded.
Blork the orc closely misses you.
You hit Blork the orc.
Blork the orc is lightly wounded.
Blork the orc hits you with a scimitar!
You hit Blork the orc!
Blork the orc is moderately wounded.
Blork the orc hits you with a scimitar.
You barely miss Blork the orc.
Blork the orc is moderately wounded.
Blork the orc hits you with a scimitar.
You hit Blork the orc.
Blork the orc is heavily wounded.
You hit Blork the orc.
Blork the orc is heavily wounded.
Blork the orc barely misses you.
You hit Blork the orc.
Blork the orc is heavily wounded.
Blork the orc misses you.
You closely miss Blork the orc.
Blork the orc is heavily wounded.
Blork the orc hits you with a scimitar.
* * * LOW HITPOINT WARNING * * *
You hit Blork the orc.
Blork the orc is heavily wounded.
Blork the orc barely misses you.
You hit Blork the orc!
Blork the orc is almost dead.
Blork the orc casts a spell at you. The magic dart hits you!
* * * LOW HITPOINT WARNING * * *
The quokka closely misses you.
It was a potion of degeneration.
There was something very wrong with that liquid.
You feel weakened.
You feel dopey.
You feel clumsy. Blork the orc hits you with a scimitar.
* * * LOW HITPOINT WARNING * * *
The quokka barely misses you. Blork the orc hits you with a scimitar.
You die...

,,,,,,,,%....$....### *#..#
***,,,,,..........## *..#
**,,,,...........### *..#*
*****,,>.............###*,,.**
,,,,,,,,...........(...##,,,,******
,***,,,,.................,,,,,,,,,,
** ***,,##.....).........,,,,,,,,,,
*******,*##..............,,,,,,,,,,
,,,,,,,,,*###....@r?.....,**,,,,,**
*******,,*#..#....o......,,***,,**
** **,,,,#########......,,* *,,*
,****,,,,,*,+,*,+∩*..$...,,****,*
,,,,,,,,,,***+*+***,..?..,,,**,,*
,,,,,,,,,,*,+,,,+,*,.....,,,**,,*
,,,,,,,,,,***,,,***,,....,,**,,,*
,,*******,*,+,,,+,***....,,*,,,**
,,* *,***+*+*+* ***,,,,,,***


You could see Blork the orc and a quokka.

Vanquished Creatures
  A human zombie (D:4)
  A centaur skeleton (D:4)
  2 orc priests
  An orc wizard (D:3)
  3 gnolls (D:2)
  5 adders
  An ooze (D:2)
  An adder zombie (D:5)
  An adder skeleton (D:4)
  4 worms (D:2)
  A dart slug (D:2)
  2 leopard geckos
  6 orcs
  A ball python (D:2)
  6 bats
  5 giant cockroaches
  2 goblins (D:3)
  11 hobgoblins
  4 jackals (D:3)
  7 kobolds
  12 frilled lizards
  A kobold zombie (D:4)
  8 rats
86 creatures vanquished.

Vanquished Creatures (others)
  A hobgoblin (D:4)
1 creature vanquished.

Grand Total: 87 creatures vanquished

Notes
Turn   | Place    | Note
-------+----------+-------------------------------------------
     0 | D:1      | MenacingMecha the Human Skald began the quest for the Orb.
     0 | D:1      | Reached XP level 1. HP: 16/16 MP: 3/3
   218 | D:1      | Reached XP level 2. HP: 21/22 MP: 5/5
   452 | D:1      | Learned a level 2 spell: Shroud of Golubria
   472 | D:1      | Reached skill level 3 in Polearms
   665 | D:2      | Reached XP level 3. HP: 27/27 MP: 6/6
  1175 | D:2      | Reached skill level 4 in Polearms
  1175 | D:2      | Reached XP level 4. HP: 22/33 MP: 1/7
  2291 | D:3      | Found a shattered altar of Ashenzari.
  2291 | D:3      | Found a shadowy altar of Dithmenos.
  2298 | D:3      | Learned a level 2 spell: Song of Slaying
  2378 | D:3      | Reached XP level 5. HP: 25/38 MP: 4/8
  2619 | D:3      | Reached skill level 5 in Polearms
  3051 | D:3      | Reached XP level 6. HP: 43/44 MP: 9/9
  3295 | D:3      | Learned a level 3 spell: Spectral Weapon
  3503 | D:4      | Noticed darksquall's ghost (amateur OgWz)
  3829 | D:4      | Got a steaming lead ring
  3830 | D:4      | Identified the ring "Uqay" {AC+2 Str+3} (You found it on level 4 of the Dungeon)
  4081 | D:4      | Reached skill level 6 in Polearms
  4106 | D:4      | Found a runed door.
  4106 | D:4      | Noticed a human
  4111 | D:4      | Found a basalt altar of Yredelemnul.
  4628 | D:4      | Noticed an ogre
  4877 | D:5      | Entered Level 5 of the Dungeon
  4942 | D:5      | Noticed Blork the orc
  4958 | D:5      | HP: 7/44 [Blork the orc/magic dart (6)]
  4959 | D:5      | HP: 1/44 [Blork the orc/scimitar (6)]
  4959 | D:5      | Slain by Blork the orc

Vault maps used:
D:1:      mrwooster_arrival_statue_3, minmay_lizard_pond
D:3:      chequers_temple_overflow_statue_of_worship, minmay_box_of_dots
D:4:      first_bread, dk_yredelemnul_ordeal
D:5:      minmay_temple_entry_hall, nicolae_ossuary_entry_catacombs,
          uniq_blork_the_orc, uniq_crazy_yiuf_cottage, uniq_ijyb

Skill      XL: |  1  2  3  4  5  6 |
---------------+-------------------+-----
Polearms       | 3 4 5 6 |  6.7
Fighting       | |  2.0
Armour         | |  1.0
Dodging        | |  2.0
Spellcasting   | |  2.0
Charms         | |  3.0

Action                   |  1- 3 |  4- 6 || total
-------------------------+-------+-------++-------
Melee: Spear             |   108 |   278 ||   386
 Cast: Infusion          |     3 |    14 ||    17
  Use: Potion            |     1 |     1 ||     2
       Scroll            |       |     3 ||     3
 Stab: Sleeping          |       |     1 ||     1
  Eat: Chunk             |     1 |    12 ||    13
Armor: Leather armour    |    13 |    40 ||    53
Dodge: Dodged            |    44 |   131 ||   175

Vault maps used:
D:1:      mrwooster_arrival_statue_3, minmay_lizard_pond
D:3:      chequers_temple_overflow_statue_of_worship, minmay_box_of_dots
D:4:      first_bread, dk_yredelemnul_ordeal
D:5:      minmay_temple_entry_hall, nicolae_ossuary_entry_catacombs,
          uniq_blork_the_orc, uniq_crazy_yiuf_cottage, uniq_ijyb

Table legend:
 A = Turns spent in this place as a percentage of turns spent in the entire game.
 B = Non-inter-level travel turns spent in this place as a percentage of non-inter-level travel turns spent in the entire game.
 C = Inter-level travel turns spent in this place as a percentage of turns spent in this place.
 D = Turns resting spent in this place as a percentage of non-inter-level travel turns spent in this place.
 E = Turns spent auto-exploring this place as a percentage of non-inter-level travel turns spent in this place.
 F = Non-inter-level travel turns spent in this place divided by the number of levels of this place that you've seen.
                   A       B       C       D       E      F
               +-------+-------+-------+-------+-------+----------------------
         Total | 100.0 | 100.0 |   1.0 |   5.8 |   4.0 | 307.2
       Dungeon | 100.0 | 100.0 |   1.0 |   5.8 |   4.0 | 307.2
               +-------+-------+-------+-------+-------+----------------------

Table legend:
 A = Kills in this place as a percentage of kills in entire the game.
 B = Kills by you in this place as a percentage of kills by you in the entire game.
 C = Kills by friends in this place as a percentage of kills by friends in the entire game.
 D = Other kills in this place as a percentage of other kills in the entire game.
 E = Experience gained in this place as a percentage of experience gained in the entire game.
 F = Experience gained in this place divided by the number of levels of this place that you have seen.
                   A       B       C       D       E      F
               +-------+-------+-------+-------+-------+----------------------
         Total | 100.0 | 100.0 |  -nan |  -nan | 100.0 |  93.4
       Dungeon | 100.0 | 100.0 |  -nan |  -nan | 100.0 |  93.4
               +-------+-------+-------+-------+-------+----------------------
